Workbook

Sheet Présentation
D4: Dernière mise à jour : le 01 Février 2025
B11: Objectif: Assurer une gestion bio-sécuritaire sur mon exploitation

Sheet Contexte
B1: =CONCATENATE("Rapport d'audit de l'exploitation '", BILAN!B3,"', fait le ",TEXT(BILAN!B8,"jj-mm-aaaa"),", PULSE version 4 du 01/02/2025") -> Rapport d'audit de l'exploitation '', fait le 00-01-1900, PULSE version 4 du 01/02/2025
A3: Code EVA | B3: CONTEXTE DE L'EXPLOITATION | C3: Réponse
A4: 2.7-1 | B4: Avez-vous pris en compte le risque d'autres productions animales (porcs, bovins, ...) | F4: oui
A5: 2.7-2 | B5: Avez-vous pris en compte le risque d'autres élevages de volailles à moins de 1 km, ou en Zone à Risque de Diffusion | F5: non
A6: 2.7-3 | B6: Avez-vous pris en compte le risque de points d'eau (lacs, retenues d'eau, mares ou étangs) ou Zones à Risques Particuliers | F6: non concerné
A7: 2.7-4 | B7: Avez-vous pris en compte le risque de proximité d'une route avec circulation de transports d'animaux (vivants ou morts)
A8: 2.7-5 | B8: Avez-vous pris en compte le risque de disposer d'une basse-cour sur mon exploitation
A10: Points de vigilance concernant le contexte géographique de l'exploitation
A11: 1 | B11: =IF(C4="non","La présence d'autres animaux de ferme dans un élevage de volaille peut constituer une source potentielle d'infection pour la population de volaille existante. Vous devez donc rester très vigilant quant à l'application des mesures de biosécurité.","")
A12: 2 | B12: =IF(C5="non","L’élevage se trouve à proximité d'autres élevages de volailles. Les risques de présence et de diffusion de maladies sont donc plus importants. Vous devez rester très vigilant quant à l'application des mesures de biosécurité adaptées à votre élevage.","")
A13: 3 | B13: =IF(C6="non","L'élevage se trouve à proximité d'une zone d'eau stagnante pouvant être un refuge pour un grand nombre d'animaux sauvages. Vous devez donc être très vigilent quant à la protection de votre élevage contre l'introduction de la faune sauvage.","")
A14: 4 | B14: =IF(C7="non","L'élevage se trouve à proximité d'un axe routier fréquemment utilisé pour le transport de volailles vivantes. Vous devez donc être très vigilant quant à l'application des mesures de biosécurité adaptées à votre élevage en prenant en compte ces passages.","")
A15: 5 | B15: =IF(C8="non","Attention la basse-cours qui est moins protéger que votre élevage peut être un point d'introduction pour les virus et bactéries aviaires","")

Sheet Structuration
C1: =CONCATENATE("Rapport d'audit de l'exploitation '", BILAN!B3,"', fait le ",TEXT(BILAN!B8,"jj-mm-aaaa"),", PULSE version 4 du 01/02/2025") -> Rapport d'audit de l'exploitation '', fait le 00-01-1900, PULSE version 4 du 01/02/2025
B3: Code EVA | C3: STRUCTURATION DU SITE | D3: Réponse | E3: Calcul
B4: 2.3-1 | C4: Ma zone professionnelle avicole est délimitée physiquement (chainette, corde, rubalise, ...) de façon à proscrire l’entrée de personnes étrangères au site, la circulation des véhicules destinés à l’enlèvement des cadavres et les véhicules particuliers | E4: =IF(AND(D4="oui",D5="oui",D6="oui",D7="oui"),1,"NC") -> NC | G4: non concerné
C5: Les zones de mon exploitation sont identifiables et sont correctement signalisées (panneaux "zone professionnelle ou d'élevage", "parking", "ATM" et fléchage pour les intervenants extérieurs) | G5: oui
C6: Les voies de circulation de l’exploitation (au sein de la zone professionnelle) sont délimitées dans l’espace ou la gestion des flux est séparée dans le temps | G6: non
C7: Un espace est réservé pour garer les véhicules des visiteurs dans la zone publique matérialisé par un panneau "Parking" | G7: à améliorer
B8: 2.3-4 | C8: Si situation à risque sanitaire avéré, présence à l’entrée du site de moyens de désinfection des roues et autres parties souillées des véhicules | E8: =IF(D8="oui",1,IF(D8="à améliorer",0.5,IF(D8="non concerné","",0))) -> 0
B9: 2.2-1 | C9: Les abords des bâtiments sont entretenus et dégagés de tout objet et maintenus en état de propreté satisfaisant | E9: =IF(D9="oui",1,"NC") -> NC
B10: 2.2-2 | C10: Les aires de circulation sont empierrées ou stabilisées | E10: =IF(D10="oui",1,IF(D10="à améliorer",0.5,IF(D10="non concerné","",0))) -> 0
B11: 2.2-3 | C11: Absence d’eau stagnante aux abords immédiats du bâtiment, fossés ou gouttières curés et nettoyés de façon régulière | E11: =IF(D11="oui",1,IF(D11="à améliorer",0.5,IF(D11="non concerné","",0))) -> 0
B12: 2.5-2 | C12: Mes unités de production sont bien définies et sont séparées physiquement ou géographiquement (pas d'interactions d'animaux possibles entre plusieurs unités de production) | E12: =IF(D12="oui",1,"NC") -> NC
B13: 2.5-1 | C13: Chaque UP fonctionne en bande unique ( si je suis en circuit-court ET je ne vends pas et ne cède pas de volailles en vif répondre "oui") | E13: =IF(D13="oui",1,"NC") -> NC
B14: 2.10-3 | C14: Absence d'animaux domestiques (chiens, chats…) dans les bâtiments y compris réserves d'aliments et équipements | E14: =IF(D14="oui",1,"NC") -> NC
B15: 2.7-6 | C15: Absence de contact direct avec toute basse-cour et aucun oiseau n'a la possibilité de divaguer en zone professionnelle | E15: =IF(D15="oui",1,"NC") -> NC
A16: Non obligatoire dans EVA PULSE | B16: 1.7-1 | C16: Les sols, parois et plafond des bâtiments sont nettoyables et désinfectables (rappel: le bois non poreux est un matériaux considéré nettoyable) | E16: =IF(D16="oui",1,IF(D16="à améliorer",0.5,IF(D16="non concerné","","NC"))) -> NC
B17: 2.10-2 | C17: Les bâtiments sont étanches vis-à-vis des nuisible et oiseaux (les aérations sont protégées par des grilles ou des filets) | E17: =IF(D17="oui",1,"NC") -> NC
B18: Spécial | C18: [Pondeuse] Je stocke les œufs prêts à être transportés dans une pièce spécifique différente de la salle de collecte | E18: =IF(D18="oui",1,IF(D18="non concerné","","NC")) -> NC
C20: Pourcentage de conformité : | D20: =IF(COUNTIF(E4:E18,"NC")>0,"KO",E22) -> KO | E20: =SUM(E4:E18) -> 0
E21: =COUNT(E4:E18)+COUNTIF(E4:E18,"NC") -> 12 | F21: somme
C22: Commentaires de l'auditeur pour les items "NON CONFORME" et proposition d'un plan d'action (si nécessaire): | E22: =ROUND(E20/E21*100,0) -> 0 | F22: nombre de réponses concernées

Sheet Protection
C1: =CONCATENATE("Rapport d'audit de l'exploitation '", BILAN!B3,"', fait le ",TEXT(BILAN!B8,"jj-mm-aaaa"),", PULSE version 4 du 01/02/2025") -> Rapport d'audit de l'exploitation '', fait le 00-01-1900, PULSE version 4 du 01/02/2025
B3: Code EVA | C3: PROTECTION DU SITE | D3: Réponse | E3: Calcul
B4: 1.2-3 | C4: J'évalue les risques de mon personnel ou des intervenants réguliers d'activités professionnelles ou de loisirs avec des volailles (ornement, chasse, ...). Si salarié ou équipe extérieure, je dispose du document unique de prévention des risques et diffusion | E4: =IF(D4="oui",1,IF(D4="à améliorer",0.5,IF(D4="non concerné","",0))) -> 0 | G4: non concerné
A5: déclassé | B5: 1.2-2 | C5: L'éleveur forme son personnel (salarié ou extérieur) sur les principes de la charte écrite ou orale (bien-être, hygiène, sécurité, biosécurité…), notamment les équipes d’intervention et de ramassage | E5: =IF(D5="oui",1,IF(D5="à améliorer",0.5,IF(D5="non concerné","",0))) -> 0 | G5: oui
A6: Non obligatoire dans EVA PULSE | B6: 2.4-4 | C6: L'éleveur est présent ou représenté lors des chargements ou déchargements d’oiseaux vivants par transporteur | E6: =IF(D6="oui",1,IF(D6="à améliorer",0.5,IF(D6="non concerné","","NC"))) -> NC | G6: non
A7: Reco | B7: - | C7: Je vérifie que les équipes d'intervenants extérieurs se garent au niveau du parking dédié ou qu'elles désinfectent leurs véhicules avant de rentrer dans la zone professionnelle | G7: à améliorer
A8: Non obligatoire dans EVA PULSE | B8: 1.9.1-4 | C8: Je stocke ma litière neuve à l’abri de l’humidité et la protège de la faune sauvage (oiseaux, rongeurs, insectes) | E8: =IF(D8="oui",1,IF(D8="à améliorer",0.5,IF(D8="non concerné","","NC"))) -> NC
B9: 1.9.1-2 | C9: J'assure la traçabilité de ma litière et vérifie son origine (bon de livraison/ facture) | E9: =IF(D9="oui",1,IF(D9="à améliorer",0.5,IF(D9="non concerné","",0))) -> 0
B10: 1.9-2 | C10: Je protège mon stock d’aliment à l'abri de l’humidité et de la faune sauvage (oiseaux, rongeurs) | E10: =IF(AND(D10="oui",D11="oui"),1,"NC") -> NC
C11: Les silos sont étanches et installés sur plateforme bétonnée maintenue propre (absence d’aliments, …)
A12: déclassé | B12: 1.9-3 | C12: Les silos et leurs pieds sont en bon état. Le système d’ouverture est fonctionnel | E12: =IF(D12="oui",1,IF(D12="à améliorer",0.5,IF(D12="non concerné","",0))) -> 0
B13: 3.1-2 | C13: Je m’assure quotidiennement que le système d'abreuvement est fonctionnel | E13: =IF(D13="oui",1,"NC") -> NC
B14: 1.9.4-4&5 | C14: Je traite mon eau si elle n’est pas conforme aux recommandations de mon technicien et/ou vétérinaire. Et mon système de traitement d’eau est soumis à une méthode de contrôle validée et un procédé de traitement autorisé pour la production d’eau potable | E14: =IF(D15="non","NC",IF(D14="oui",1,IF(D14="à améliorer",0.5,IF(D14="non concerné","",0)))) -> 0
C15: J'utilise aucune eau de surface ou eau de pluie non-traitée pour l'abreuvement des animaux
B16: 2.8-8 | C16: J'effectue les travaux du quotidien en commençant par les volailles les plus jeune et en finissant par les plus agées puis les espèces les plus à risque | E16: =IF(D16="oui",1,IF(D16="à améliorer",0.5,IF(D16="non concerné","",0))) -> 0
B17: 2.8-5 | C17: Je procède aux contrôles salmonelle réglementaire (fréquence selon type de production) | E17: =IF(D17="oui",1,IF(D17="non concerné","","NC")) -> NC
C19: Pourcentage de conformité : | D19: =IF(COUNTIF(E4:E17,"NC")>0,"KO",E21) -> KO | E19: =SUM(E4:E17) -> 0
E20: =COUNT(E4:E17)+COUNTIF(E4:E17,"NC") -> 11 | F20: somme
C21: Commentaires de l'auditeur pour les items "NON CONFORME" et proposition d'un plan d'action (si nécessaire): | E21: =ROUND(E19/E20*100,0) -> 0 | F21: nombre de réponses concernées

Sheet Sas
C1: =CONCATENATE("Rapport d'audit de l'exploitation '", BILAN!B3,"', fait le ",TEXT(BILAN!B8,"jj-mm-aaaa"),", PULSE version 4 du 01/02/2025") -> Rapport d'audit de l'exploitation '', fait le 00-01-1900, PULSE version 4 du 01/02/2025
B3: Code EVA | C3: SAS SANITAIRE | D3: Réponse | E3: Calcul
B4: 2.1-1 | C4: Un sas est présent à l’entrée de chaque UP (ou si je suis en circuit-court, je dispose a minima d'un local sanitaire commun à plusieurs UP) | E4: =IF(AND(D4="oui",D5="oui",D6="oui",D7="oui",D8="oui"),1,"NC") -> NC | G4: non concerné
C5: Il a une zone propre et une zone sale séparées par un élément physique (ex. banc) | G5: oui
C6: Il a un sol lisse facilement lavable et désinfectable | G6: non
C7: Il a un lavabo fonctionnel (avec eau potable ou traitée antibactérienne et système d'évacuation) | G7: à améliorer
C8: Il a du savon bactéricide ou gel hydroalcoolique
B9: - | C9: Je me lave systématiquement les mains avec du savon avant d'entrer dans la zone propre
B10: 2.1-5 | C10: Les sas/local sanitaire disposent tous : d'essuie-mains à usage unique, d'une poubelle, et de deux portes vétements (un dans chaque zone du sas) | E10: =IF(D10="oui",1,IF(D10="à améliorer",0.5,IF(D10="non concerné","",0))) -> 0
B11: 2.1-2 | C11: Je dispose de chaussures d’élevage spécifiques par unité de production ou je nettoie/désinfecte mes chaussures d'élevage à l'entrée et sortie de chaque UP | E11: =IF(D11="oui",1,"NC") -> NC
B12: 2.1-3 | C12: Je dispose d'une tenue spécifique pour l’élevage (vêtements pour chaque unité de production) nettoyée dès qu'elle est sale et au moins une fois par bande | E12: =IF(D12="oui",1,"NC") -> NC
B13: 2.4-1 | C13: J'accompagne systématiquement les visiteurs et vérifie qu'ils respectent les règles du sas sanitaire : changement de chaussures, de tenue, lavage des mains, … | E13: =IF(D13="oui",1,IF(D13="à améliorer",0.5,IF(D13="non concerné","",0))) -> 0
B14: 2.4-3 R | C14: Je dispose d'un local sanitaire (sas suffisamment grand ou lieu d'accueil) pour que les équipes intervenantes puissent se changer avant d'entrer en zone d'élevage
C15: Je mets à disposition de l'eau pour que les équipes intervenantes puissent laver leurs bottes et matériels dans la zone professionnelle
B16: - | C16: Si le local sanitaire destiné aux équipes de ramassage n'est pas acollé à l'UP, je mets à disposition le nécessaire pour que les équipes utilisent des pédisacs, un pédiluve ou changent leurs chaussures avant d'entrer dans l'UP
B17: 2.1-8 | C17: Je dispose de tenues spécifiques propres/nettoyées ou jetables et de pédisacs pour les visiteurs | E17: =IF(D17="oui",1,IF(D17="à améliorer",0.5,IF(D17="non concerné","",0))) -> 0
C19: Pourcentage de conformité : | D19: =IF(COUNTIF(E4:E17,"NC")>0,"KO",E21) -> KO | E19: =SUM(E4:E17) -> 0
E20: =COUNT(E4:E17)+COUNTIF(E4:E17,"NC") -> 6
C21: Commentaires de l'auditeur pour les items "NON CONFORME" et proposition d'un plan d'action (si nécessaire): | E21: =ROUND(E19/E20*100,0) -> 0 | F21: somme
F22: nombre de réponses concernées
C24: =IF(D9<>"Oui","Rappel de bonne pratique: Toutes personnes entrant en zone d'élevage doit se laver les mains pour éviter la diffusion de germes infectieux","") -> Rappel de bonne pratique: Toutes personnes entrant en zone d'élevage doit se laver les mains pour éviter la diffusion de germes infectieux

Sheet Nettoyage&Désinfection
C1: =CONCATENATE("Rapport d'audit de l'exploitation '", BILAN!B3,"', fait le ",TEXT(BILAN!B8,"jj-mm-aaaa"),", PULSE version 4 du 01/02/2025") -> Rapport d'audit de l'exploitation '', fait le 00-01-1900, PULSE version 4 du 01/02/2025
B3: Code EVA | C3: NETTOYAGE ET DESINFECTION | D3: Réponse | E3: Calcul
A4: déclassé | B4: 2.10-1 | C4: J'effectue un suivi de la dératisation : prestation externe ou réalisé par l'éleveur, dates de passage, présence des appâts | E4: =IF(D4="oui",1,IF(D4="à améliorer",0.5,IF(D4="non concerné","",0))) -> 0
B5: 2.9-1 | C5: Les matériels, véhicules et équipements d'élevage sont lavables et désinfectables. Ils sont nettoyés et désinfectés après chaque lot et à chaque changement d'unité de production | E5: =IF(D5="oui",1,"NC") -> NC | G5: non concerné
B6: 2.9-7 | C6: Je pulvérise les solutions de détergent et de désinfectant en respectant les doses et le protocole d'utilisation (dilution et temps d'action indiqué par le fournisseur) avec les précautions nécessaires | E6: =IF(D6="oui",1,IF(D6="à améliorer",0.5,IF(D6="non concerné","",0))) -> 0 | G6: oui
B7: 1.9.4-5 | C7: J'utilise aucune eau de surface ou eau de pluie non-traitée pour réaliser le nettoyage et la désinfection | E7: =IF(D7="oui",1,"NC") -> NC | G7: non
B8: 1.9.4-1 | C8: Je nettoie et désinfecte les circuits d'abreuvement | E8: =IF(D8="oui",1,IF(D8="à améliorer",0.5,IF(D8="non concerné","",0))) -> 0 | G8: à améliorer
B9: 1.9.4-2 | C9: Je contrôle la qualité bactériologique de l'eau (en bout de ligne) au moins une fois par an | E9: =IF(D9="oui",1,IF(D9="à améliorer",0.5,IF(D9="non concerné","",0))) -> 0
B10: 2.2-4 | C10: Je nettoie et désinfecte les abords du bâtiment et les zones les plus fréquentées (à la soude caustique ou à la chaux vive) à la fin des opérations de nettoyage | E10: =IF(D10="oui",1,IF(D10="à améliorer",0.5,IF(D10="non concerné","",0))) -> 0
B11: 2.11-1 | C11: J'applique un vide sanitaire complet par unité de production entre deux périodes d’élevage permettant nettoyage et désinfection | E11: =IF(D11="oui",1,IF(D11="à améliorer",0.5,IF(D11="non concerné","",0))) -> 0
B12: 2.9-6 | C12: Je vérifie systématiquement l’efficacité du nettoyage visuellement, en vérifiant l'absence de poussière et souillures résiduelles avec un essuie-tout blanc | E12: =IF(D12="oui",1,IF(D12="à améliorer",0.5,IF(D12="non concerné","",0))) -> 0
B13: 2.13-9 | C13: J'enregistre les opérations de nettoyages et désinfection | E13: =IF(D13="oui",1,"NC") -> NC
B14: 2.9-3 | C14: Au moins une fois par an, je réalise un autocontrôle de ma procédure de désinfection par analyse (via des boites de contact, chiffonnettes, écouvillons, …) | E14: =IF(D14="oui",1,IF(D14="à améliorer",0.5,IF(D14="non concerné","",0))) -> 0
B15: 2.11-2 | C15: Si salmonelle réglementée ou résidente, application protocole renforcé sous contrôle vétérinaire et contrôle préalable à la remise en place | E15: =IF(D15="oui",1,IF(D15="à améliorer",0.5,IF(D15="non concerné","",0))) -> 0
B16: Spécial | C16: [Pondeuse] Je désinfecte le matériel utilisé pour la collecte des œufs (convoyeur, ...) au moins une fois par semaine | E16: =IF(D16="oui",1,IF(D16="à améliorer",0.5,IF(D16="non concerné","",0))) -> 0
B17: Spécial | C17: [Pondeuse] Le matériel potentiellement vecteur de salmonelle est nettoyé et désinfecté avant d'être introduit et utilisé dans l'élevage | E17: =IF(D17="oui",1,IF(D17="non concerné","","NC")) -> NC
B18: Spécial | C18: [Pondeuse] Seules des alvéoles nettoyées et désinfectées avant chaque usage ou à usage unique sont utilisées | E18: =IF(D18="oui",1,IF(D18="non concerné","","NC")) -> NC
B19: Spécial | C19: [PAE] J'attends minimum 48h avant de mettre un nouveau lot dans une salle d'engraissement (après nettoyage et désinfection) | E19: =IF(D19="oui",1,IF(D19="non concerné","","NC")) -> NC
B20: Spécial | C20: [PAE] Je respecte un vide sanitaire des bâtiments d'engraissement d'une durée minimale de 14 jours une fois par an | E20: =IF(D20="oui",1,IF(D20="non concerné","","NC")) -> NC
B21: Spécial | C21: [PAE circuit court] Je respecte un nettoyage et une désinfection des demi-salles ou tier de salle d'engraissement dès la sortie des animaux | E21: =IF(D21="oui",1,IF(D21="non concerné","","NC")) -> NC
C23: Pourcentage de conformité : | D23: =IF(COUNTIF(E4:E21,"NC")>0,"KO",E25) -> KO | E23: =SUM(E4:E21) -> 0 | F23: somme
E24: =COUNT(E4:E21)+COUNTIF(E4:E21,"NC") -> 18 | F24: nombre de réponses concernées
C25: Commentaires de l'auditeur pour les items "NON CONFORME" et proposition d'un plan d'action (si nécessaire): | E25: =ROUND(E23/E24*100,0) -> 0

Sheet Mortalité
C1: =CONCATENATE("Rapport d'audit de l'exploitation '", BILAN!B3,"', fait le ",TEXT(BILAN!B8,"jj-mm-aaaa"),", PULSE version 4 du 01/02/2025") -> Rapport d'audit de l'exploitation '', fait le 00-01-1900, PULSE version 4 du 01/02/2025
B3: Code EVA | C3: MORTALITE | D3: Réponse | E3: Calcul
B4: 3.1-4 | C4: Je surveille quotidiennement mes animaux état des animaux, de la litière, ambiance…) | E4: =IF(D4="oui",1,"NC") -> NC | G4: non concerné
B5: 2.13-2 | C5: Je ramasse quotidiennement les animaux morts et enregistre la mortalité | E5: =IF(D5="oui",1,IF(D5="à améliorer",0.5,IF(D5="non concerné","",0))) -> 0 | G5: oui
B6: 2.8-1 | C6: Je signale à mon vétérinaire / technicien si je constate un taux de mortalité anormal (augmentation de x3 par rapport à la journée précédente ou baisse de consommation d’eau ou d’aliments > 50 % sur 1 j ou > 25 % sur 3 j consécutifs) | E6: =IF(D6="oui",1,IF(D6="à améliorer",0.5,IF(D6="non concerné","",0))) -> 0 | G6: non
B7: 2.15-5 | C7: Je transporte les animaux morts dans un contenant fermé (sac en plastique indéchirable accepté) | E7: =IF(COUNTIF(D7:D8,"non concerné")=2,"", IF(COUNTIF(D7:D8,"à améliorer")>0,0.5, IF(AND(COUNTIF(D7:D8,"oui")=1,COUNTIF(D7:D8,"non")=1),0.5, IF(COUNTIF(D7:D8,"oui")>0,1, IF(COUNTIF(D7:D8,"non")>0,0,0.5))))) -> 0.5 | G7: à améliorer
C8: Je nettoie et désinfecte systématiquement le système de convoyage des cadavres après chaque utilisation (sceau, brouette…)
B9: Reco | C9: Je me lave systématiquement les mains après manipulation des cadavres ou je porte des gants jetables
B10: 2.15-4 | C10: Je nettoie et désinfecte systématiquement l'aire d'équarrissage après chaque enlèvement | E10: =IF(COUNTIF(D10:D11,"non concerné")=2,"", IF(COUNTIF(D10:D11,"à améliorer")>0,0.5, IF(AND(COUNTIF(D10:D11,"oui")=1,COUNTIF(D10:D11,"non")=1),0.5, IF(COUNTIF(D10:D11,"oui")>0,1, IF(COUNTIF(D10:D11,"non")>0,0,0.5))))) -> 0.5
C11: Je nettoie et désinfecte le bac d’équarrissage après chaque enlèvement
B12: 2.15-1 | C12: Je stocke les animaux morts dans une enceinte réfrigérée (si l’enlèvement est réalisée dans les 48h) ou à T° négative pour le stockage (> 48h) des cadavres | E12: =IF(D12="oui",1,"NC") -> NC
B13: 2.15-2 | C13: Je réalise un nettoyage et une désinfection de l'enceinte réfrigérée/congélateur à chaque fois qu'il est vidé | E13: =IF(D13="oui",1,IF(D13="à améliorer",0.5,IF(D13="non concerné","",0))) -> 0
B14: 2.15-3 | C14: Le bac d'équarrissage est fermé par un couvercle | E14: =IF(AND(D14="oui",D15="oui"),1,"NC") -> NC
C15: Le bac d’équarrissage est placé pour l'enlèvement sur une aire bétonnée/stabilisée, signalisée, à l’écart du bâtiment et des zones de circulation, de manière à ce que les camions ne pénètrent pas dans la zone professionnelle
C17: Pourcentage de conformité : | D17: =IF(COUNTIF(E4:E15,"NC")>0,"KO",E19) -> KO | E17: =SUM(E4:E15) -> 1 | F17: somme
E18: =COUNT(E4:E15)+COUNTIF(E4:E15,"NC") -> 8 | F18: nombre de réponses concernées
C19: Commentaires de l'auditeur pour les items "NON CONFORME" et proposition d'un plan d'action (si nécessaire): | E19: =ROUND(E17/E18*100,0) -> 13

Sheet Parcours
C1: =CONCATENATE("Rapport d'audit de l'exploitation '", BILAN!B3,"', fait le ",TEXT(BILAN!B8,"jj-mm-aaaa"),", PULSE version 4 du 01/02/2025") -> Rapport d'audit de l'exploitation '', fait le 00-01-1900, PULSE version 4 du 01/02/2025
C3: PARCOURS | D3: Réponse | E3: Calcul
B4: * | C4: Mes animaux sont élevés à l'intérieur (absence de parcours) | D4: Présence d'au moins un parcours | G4: non concerné
B5: 2.6-1 | C5: Mes parcours sont délimités par une clôture (à l'exception des vollailles élevées en liberté) | E5: =IF(D5="oui",1,"NC") -> NC | G5: oui
B6: 2.6-2 | C6: J’entretiens régulièrement mon parcours (fauchage, autre) | E6: =IF(D6="oui",1,IF(D6="à améliorer",0.5,IF(D6="non concerné","",0))) -> 0 | G6: non
B7: 2.6-3 | C7: Je nettoie et désinfecte les abris présents sur le parcours à chaque fin de lot | E7: =IF(D7="oui",1,"NC") -> NC | G7: à améliorer
B8: 2.6-4 | C8: Aucun équipement ou matériel n'est stocké sur mon parcours | E8: =IF(D8="oui",1,"NC") -> NC
B9: 2.6-5 | C9: Les points d’eau et d’alimentation sont à l’intérieur du bâtiment (ou mes trémies sont couvertes et il n'y a pas d'aliment au sol, hors période de risque élevé) | E9: =IF(D9="oui",1,"NC") -> NC | G9: Absence de parcours
B10: 2.6-6 | C10: Si production mixte, les gallinacés et les palmipèdes ne sont pas mélangés sur les parcours | E10: =IF(D10="oui",1,IF(D10="non concerné","","NC")) -> NC | G10: Présence d'au moins un parcours
B11: 2.6-7 | C11: Il y a des zones d'eau stagnantes sur mon parcours (grand flaque, mare…) | E11: =IF(D11="non",1,"NC") -> NC
B12: 2.6-8 | C12: Lorsque je ne peux pas accéder au parcours en passant par le sas, je prends la précaution d’utiliser des chaussures dédiées à l'élevage | E12: =IF(D12="oui",1,IF(D12="à améliorer",0.5,IF(D12="non concerné","",0))) -> 0
B13: 2.6-9 | C13: Après le départ des animaux, je désinfecte les zones "sortie de trappes" avec de la chaux vive ou de la soude caustique en respectant les quantités et concentration préscrites | E13: =IF(D13="oui",1,IF(D13="à améliorer",0.5,IF(D13="non concerné","",0))) -> 0
B14: 2.6-10 | C14: Je respecte un vide sanitaire de 28 jours minimum sur mes parcours (ou de 49 jours en production biologique) | E14: =IF(D14="oui",1,IF(D14="à améliorer",0.5,IF(D14="non concerné","",0))) -> 0
B15: 2.6-11 | C15: Les dispositifs extérieurs d'alimentation sont installés sur une aire nettoyable (ex. dalle bétonnée, bâche renforcée, plaque métallique…) et sous un auvent, à l'abris de la faune sauvage | E15: =IF(D15="oui",1,IF(D15="non concerné","","NC")) -> NC
B16: 2.6-12 | C16: L'approvisionnement en eau, aliment et gaz évite la circulation d'engins au sein des unités de production (espace de die des volailles dont le bâtiment et le parcours) | E16: =IF(D16="oui",1,IF(D16="à améliorer",0.5,IF(D16="non concerné","",0))) -> 0
B17: 2.6-13 | C17: Je ne fais aucun stockage et/ou épandage d'effluents sur les parcours | E17: =IF(D17="oui",1,"NC") -> NC
C19: Pourcentage de conformité : | D19: =IF(D4="Absence de parcours","",IF(COUNTIF(E5:E17,"NC")>0,"KO",E21)) -> KO | E19: =SUM(E5:E17) -> 0 | F19: somme
E20: =IF(D4="Absence de parcours",0,COUNT(E5:E17)+COUNTIF(E5:E17,"NC")) -> 13 | F20: nombre de réponses concernées
C21: Commentaires de l'auditeur pour les items "NON CONFORME" et proposition d'un plan d'action (si nécessaire): | E21: =ROUND(E19/E20*100,0) -> 0

Sheet Effluents
C1: =CONCATENATE("Rapport d'audit de l'exploitation '", BILAN!B3,"', fait le ",TEXT(BILAN!B8,"jj-mm-aaaa"),", PULSE version 4 du 01/02/2025") -> Rapport d'audit de l'exploitation '', fait le 00-01-1900, PULSE version 4 du 01/02/2025
B3: Code EVA | C3: EFFLUENTS | D3: Réponse | E3: Calcul
A4: Non obligatoire dans EVA PULSE | B4: 4.2-3 | C4: Je réalise un enfouissement immédiat ou l'assainissement naturel du lisier de 60 jours et du fumier de 42 jours | E4: =IF(D4="oui",1,IF(D4="à améliorer",0.5,IF(D4="non concerné","","NC"))) -> NC | G4: non concerné
B5: 4.2-1 | C5: Je respect des conditions de stockage des effluents (pas de stockage sur les parcours, pas d'écoulement dans le milieu, couverture des effluents si requis) | E5: =IF(D5="oui",1,IF(D5="à améliorer",0.5,IF(D5="non concerné","",0))) -> 0 | G5: oui
B6: 4.2-5 | C6: Je conserve la traçabilité des effluents en cas de transfert à un exploitant externe (contrat avec usine de traitement ou d’engagement écrit du destinataire d’effluents non assainis de respecter le délai réglementaire d’assainissement ou la méthode d'enfouissement) | E6: =IF(COUNTIF(D6:D7,"non concerné")=2,"",IF(COUNTIF(D6:D7,"")=2,0, IF(COUNTIF(D6:D7,"à améliorer")>0,0.5, IF(AND(COUNTIF(D6:D7,"oui")=1,COUNTIF(D6:D7,"non")=1),0.5, IF(COUNTIF(D6:D7,"oui")>0,1, IF(COUNTIF(D6:D7,"non")>0,0,0.5)))))) -> 0 | G6: non
C7: J’assure la traçabilité de mes épandages ou de mes expéditions de fumier | G7: à améliorer
A8: déclassé | B8: 4.2-6 | C8: Je vérifie que le nettoyage et la désinfection du matériel utilisé pour le stockage, le transport, l’épandage et l’enfouissement du fumier soit bien réalisé avant et après chaque chantier | E8: =IF(D8="oui",1,IF(D8="à améliorer",0.5,IF(D8="non concerné","",0))) -> 0
B9: - | C9: [palmipèdes] l'établissement de destination des effluents (lisiers, fientes sèches ou fumiers), pour l'épandage ou l'assainissement, est situé à moins de 20 km de mon exploitation
B10: 4.2-4 | C10: [palmipèdes] J'utilise un matériel d’épandage de lisier de type enfouisseur ou pendillard (buses palettes proscrites) | E10: =IF(D10="oui",1,IF(D10="à améliorer",0.5,IF(D10="non concerné","",0))) -> 0
C12: Pourcentage de conformité : | D12: =IF(COUNTIF(E4:E10,"NC")>0,"KO",E14) -> KO | E12: =SUM(E4:E10) -> 0 | F12: somme
E13: =COUNT(E4:E10)+COUNTIF(E4:E10,"NC") -> 5 | F13: nombre de réponses concernées
C14: Commentaires de l'auditeur pour les items "NON CONFORME" et proposition d'un plan d'action (si nécessaire): | E14: =ROUND(E12/E13*100,0) -> 0
C17: =IF(D9="non", "Rappel: Arrêté du 29/09/2021 Article 11, l’assainissement naturel des effluents de palmipèdes s’effectue sur l’établissement d’origine. Par dérogation, il peut également être réalisé sur une autre établissement agricole situé à moins de 20 km ","")

Sheet Administratif
C1: =CONCATENATE("Rapport d'audit de l'exploitation '", BILAN!B3,"', fait le ",TEXT(BILAN!B8,"jj-mm-aaaa"),", PULSE version 4 du 01/02/2025") -> Rapport d'audit de l'exploitation '', fait le 00-01-1900, PULSE version 4 du 01/02/2025
B3: Code EVA | C3: ADMINISTRATIF | D3: Réponse | E3: Calcul
B4: 2.13-5 | C4: Registre complet et à jour (durée d’archivage de 3 ans et 5 ans pour médicaments), ordonnances, visites vétérinaires, interventions, bons d’enlèvement, bons d’équarrissage, bons de livraisons animaux, aliments (étiquettes, ordonnances), analyses | E4: =IF(D4="oui",1,IF(D4="à améliorer",0.5,IF(D4="non concerné","",0))) -> 0 | G4: non concerné
B5: 2.14-1 | C5: J'ai le plan de circulation incluant la délimitation de la zone publique et du site d’exploitation et des aires de stationnement et de lavage et les sens de circulation | E5: =IF(D5="oui",1,"NC") -> NC | G5: oui
B6: 2.14-2 | C6: J'ai la liste des personnes indispensables au fonctionnement des UP | E6: =IF(D6="oui",1,"NC") -> NC | G6: non
B7: 2.14-3 | C7: J'ai le plan de gestion des flux dans l'espace et/ou dans le temps | E7: =IF(D7="oui",1,"NC") -> NC | G7: à améliorer
B8: 2.14-4 | C8: J'ai les plans de nettoyage-désinfection et de vide sanitaire par UP (incluant la description des étapes de N&D et produits utilisés pour les bâtiments, le sas, les silos, le matériel et les véhicules) | E8: =IF(D8="oui",1,"NC") -> NC
B9: 2.14-5 | C9: J'ai le plan de gestion des sous-produits animaux (cadavres, lisier/fumier, plume, produits d'écloseries, œufs cassés/non commercialisés) | E9: =IF(D9="oui",1,"NC") -> NC
B10: 2.14-6 | C10: J'ai le plan de lutte contre les nuisibles dont les rongeurs et les insectes (avec l'enregistrement des interventions) | E10: =IF(D10="oui",1,"NC") -> NC
B11: 2.14-7 | C11: J'ai le plan de protection vis-à-vis de l'avifaune sauvage | E11: =IF(D11="oui",1,"NC") -> NC
B12: 2.14-8 | C12: J'ai l'attestation de formation biosécurité du détenteur des animaux d'élevage et du personnel permanent (pour les nouveaux éleveurs/salariés, preuve de demande en attente d'une date de formation) | E12: =IF(D12="oui",1,"NC") -> NC
B13: 2.14-9 | C13: J'ai la traçabilité des interventions des équipes de personnels temporaires (nom et coordonnées de l’entreprise, date et objet de l’intervention ; bons de livraison et d’enlèvements) | E13: =IF(D13="oui",1,"NC") -> NC
B14: 2.4-2 | C14: Le journal des visiteurs est complété (contact préalable avec des oiseaux et pathologies sur 48h indiqué le cas échéant) | E14: =IF(D14="oui",1,IF(D14="à améliorer",0.5,IF(D14="non concerné","",0))) -> 0
B15: 2.14-10 | C15: J'ai la traçabilité des bandes par unité de production (déclarations de mise en place, enregistrements de l’origine et de la destination) | E15: =IF(D15="oui",1,"NC") -> NC
B16: 2.14-11 | C16: J'ai la traçabilité des autocontrôles (nature et fréquence) sur la mise en œuvre du plan de biosécurité | E16: =IF(D16="oui",1,"NC") -> NC
B17: 2.14-12 | C17: J'ai l'évaluation des risques liés à la détention de volailles non commerciales ou d'oiseaux sauvages captifs | E17: =IF(D17="oui",1,"NC") -> NC
B18: 2.8-2 | C18: J'effectue un bilan annuel ou visite sanitaire ou plan sanitaire d'élevage réalisé par le vétérinaire sur chaque élevage avec le responsable d’élevage | E18: =IF(COUNTIF(D18:D19,"non concerné")=2,"", IF(COUNTIF(D18:D19,"à améliorer")>0,0.5, IF(AND(COUNTIF(D18:D19,"oui")=1,COUNTIF(D18:D19,"non")=1),0.5, IF(COUNTIF(D18:D19,"oui")>0,1, IF(COUNTIF(D18:D19,"non")>0,0,0.5))))) -> 0.5
C19: J'effectue une évaluation annuelle de l'application du plan de biosécurité par un organisme tiers (organismes à vocation sanitaire, vétérinaires sanitaires, chambre d’agriculture, organismes certificateurs, organismes professionnels avicoles ou de développement). Lorsque les conclusions sont favorables, l’évaluation est renouvelée tous les deux ans
B20: 2.8-6 | C20: Je respect du plan de vaccination prescrit par vétérinaire et conserve la traçabilité des vaccinations et traitements médicamenteux réalisés sur les animaux de l'élevage | E20: =IF(D20="oui",1,IF(D20="à améliorer",0.5,IF(D20="non concerné","",0))) -> 0
B21: 2.17-1 | C21: Je conserve la traçabilité sur la destination de sous-produits issus de l’exploitation (autres que cadavres et lisiers) vers une installation de traitement agréée | E21: =IF(D21="oui",1,IF(D21="à améliorer",0.5,IF(D21="non concerné","",0))) -> 0
B22: 2.13-4 | C22: Fiche d’information sur la chaine alimentaire (ICA) présente et complétée | E22: =IF(D22="oui",1,IF(D22="à améliorer",0.5,IF(D22="non concerné","",0))) -> 0
B23: 2.8-4 | C23: Je conserve les résultats d'analyses réalisées en cas de suivi pour une maladie réglementée | E23: =IF(D23="oui",1,IF(D23="à améliorer",0.5,IF(D23="non concerné","",0))) -> 0
B24: - | C24: Je déclare électroniquement chaque lot de volailles entrant ou sortant dans un délai maximum de 7 jours (ou de 48h en cas de risque épizootique influenza "élevé")
C26: Pourcentage de conformité : | D26: =IF(COUNTIF(E4:E24,"NC")>0,"KO",E28) -> KO | E26: =SUM(E4:E24) -> 0.5 | F26: somme
E27: =COUNT(E4:E24)+COUNTIF(E4:E24,"NC") -> 19 | F27: nombre de réponses concernées
C28: Commentaires de l'auditeur pour les items "NON CONFORME" et proposition d'un plan d'action (si nécessaire): | E28: =ROUND(E26/E27*100,0) -> 3

Sheet BILAN
A1: BILAN AUDIT PULSE v.4
A3: Raison sociale
A4: Nom de l'éleveur | D4: Résultat de l'audit :
A5: SIRET | D5: =IF(B21="CONFORME",CONCATENATE("SATISFAISANT à ",ROUND(C21,0),"%, pas de non-conformité réglementaire"),"NON CONFORME") -> NON CONFORME
A6: Commune (code postal)
A7: INUAV audité
A8: Date visite 1
A9: Date visite 2 (si nécessaire)*
D10: A compléter si au moins un item est "NON CONFORME"
A11: Colonne2 | B11: Colonne1 | C11: TOTAL | D11: COMMENTAIRES (Visite 1) | E11: ENGAGEMENT | F11: EVOLUTION (Visite 2)
A12: CRITERES | B12: EVALUATION REGLEMENTAIRE | C12: % conformité | D12: Explicitation obligatoire pour les items "NON CONFORME" et proposition d'un plan d'action (si nécessaire), par l'auditeur | E12: Engagement de l'éleveur pour une mise en conformité des items "NON CONFORME" : OUI/NON, si OUI précisez un délai | F12: Spécifier si les points "NON CONFORME" ont été levés suite à la nouvelle visite effectuée, par l'auditeur (*Renseigner la date de la visite 2)
A13: STRUCTURATION DU SITE | B13: =IF(C13="KO", "NON CONFORME","CONFORME") -> NON CONFORME | C13: =Structuration!D20 -> KO | D13: =Structuration!C23 -> 0
A14: PROTECTION DU SITE | B14: =IF(C14="KO", "NON CONFORME","CONFORME") -> NON CONFORME | C14: =Protection!D19 -> KO | D14: =Protection!C22 -> 0
A15: SAS SANITAIRE | B15: =IF(C15="KO", "NON CONFORME","CONFORME") -> NON CONFORME | C15: =Sas!D19 -> KO | D15: =Sas!C22 -> 0
A16: NETTOYAGE ET LA DESINFECTION | B16: =IF(C16="KO", "NON CONFORME","CONFORME") -> NON CONFORME | C16: ='Nettoyage&Désinfection'!D23 -> KO | D16: ='Nettoyage&Désinfection'!C26 -> 0
A17: MORTALITE | B17: =IF(C17="KO", "NON CONFORME","CONFORME") -> NON CONFORME | C17: =Mortalité!D17 -> KO | D17: =Mortalité!C20 -> 0
A18: PARCOURS | B18: =IF(C18="KO", "NON CONFORME",IF(C18="", "NON CONCERNE", "CONFORME")) -> NON CONFORME | C18: =Parcours!D19 -> KO | D18: =Parcours!C22 -> 0
A19: EFFLUENTS | B19: =IF(C19="KO", "NON CONFORME","CONFORME") -> NON CONFORME | C19: =Effluents!D12 -> KO | D19: =Effluents!C15 -> 0
A20: ADMINISTRATIF | B20: =IF(C20="KO", "NON CONFORME","CONFORME") -> NON CONFORME | C20: =Administratif!D26 -> KO | D20: =Administratif!C29 -> 0
A21: BILAN | B21: =IF(COUNTIF(B13:B20,"NON CONFORME")>0,"NON CONFORME", "CONFORME") -> NON CONFORME | C21: =IF(B21="NON CONFORME","",(SUM(Structuration!E20,Protection!E19,Sas!E19,'Nettoyage&Désinfection'!E23,Mortalité!E17,Parcours!E19,Effluents!E12,Administratif!E26)/SUM(Structuration!E21,Protection!E20,Sas!E20,'Nettoyage&Désinfection'!E24,Mortalité!E18,Parcours!E20,Effluents!E13,Administratif!E27))*100)
